 Dungeon Crawl Stone Soup version 0.25-a0-246-g58704a1ebd (webtiles) character file.

Game seed: 11990346793178297051, levelgen mode: classic

11027 Borgoz the Basher (level 11, -3/71 HPs)
             Began as a Gargoyle Gladiator on Dec 4, 2019.
             Was a Follower of Ashenzari.
             Slain by an orc knight
             ... wielding a +1 bardiche of chopping
              (20 damage)
             ... on level 9 of the Dungeon.
             The game lasted 00:19:20 (10151 turns).

Borgoz the Basher (Gargoyle Gladiator)             Turns: 10151, Time: 00:19:21

Health: -3/71      AC: 16    Str: 20    XL:     11   Next: 71%
Magic:  0/18       EV: 14    Int: 12    God:    Ashenzari [*.....]
Gold:   418        SH:  0    Dex: 11    Spells: 15/19 levels left

rFire    + . .     SeeInvis .   a - +1 whip (elec) (curse)
rCold    . . .     Gourm    .   (no shield)
rNeg     + + .     Faith    .   B - +0 troll leather armour (curse)
rPois    ∞         Spirit   +   c - +0 helmet
rElec    +         Reflect  .   p - +1 cloak
rCorr    .         Harm     .   g - +0 pair of gloves
MR       .....                  (no boots)
Stlth    +.........             A - amulet of guardian spirit (curse)
HPRegen  0.61/turn              o - ring of positive energy
MPRegen  0.16/turn              D - ring of protection from fire

@: hasted, very quick
A: blink, clever 1, deformed body, negative energy resistance 1, electricity
resistance, unbreathing, petrification resistance, rot immunity, AC +8
a: Blink, Curse Item, Scrying, Renounce Religion


You were on level 9 of the Dungeon.
You worshipped Ashenzari.
Ashenzari was aware of your devotion.
You were not hungry.

You visited 2 branches of the dungeon, and saw 10 of its levels.

You collected 418 gold pieces.

Inventory:

Hand Weapons
 a - a cursed +1 whip of electrocution (weapon)
 b - a +0 dire flail
Missiles
 y - a throwing net (quivered)
Armour
 c - a +0 helmet (worn)
 g - a +0 pair of gloves (worn)
 k - a +0 ring mail
 p - a +1 cloak (worn)
 B - a cursed +0 troll leather armour (worn)
 E - a +1 plate armour of magic resistance
Jewellery
 o - a ring of positive energy (left hand)
 v - an uncursed ring of fire
 z - a +5 ring of intelligence
 A - a cursed amulet of guardian spirit (around neck)
 D - a ring of protection from fire (right hand)
Wands
 n - a wand of polymorph (6)
 s - a wand of flame (51)
Scrolls
 e - 4 scrolls of remove curse
 i - 3 scrolls of magic mapping
 j - 3 scrolls of amnesia
 m - a scroll of fog
 r - 4 scrolls of enchant armour
 t - 2 scrolls of identify
 C - a scroll of enchant weapon
Potions
 d - 2 potions of magic
 h - 2 potions of mutation
 l - a potion of curing
 q - 2 potions of haste
 w - 2 potions of flight
 x - 2 potions of brilliance
Comestibles
 f - 23 rations
 u - 4 chunks of flesh


   Skills:
 * Level 9.6 Fighting
 * Level 9.7 Maces & Flails
 - Level 1.7 Throwing
 * Level 9.2 Armour
 + Level 6.0 Dodging
 + Level 4.9 Spellcasting
 + Level 4.8 Hexes


You had 15 spell levels left.
You knew the following spells:

 Your Spells              Type           Power        Failure   Level  Hunger
a - Confusing Touch       Hex            ##....       3%          1    None
b - Confuse               Hex            ##......     10%         3    ###....

Your spell library contained the following spells:

 Spells                   Type           Power        Failure   Level  Hunger
 Sticks to Snakes         Tmut           #.......     34%         2    ##.....
 Gell's Gravitas          Tloc           #.........   56%         3    ###....
 Petrify                  Tmut/Erth      #.......     93%         4    ####...
 Metabolic Englaciation   Hex/Ice        #.........   94%         5    ######.
 Yara's Violent Unravell  Hex/Tmut       #.........   94%         5    ######.
 Irradiate                Conj/Tmut      #.........   100%        5    ######.
 Dragon Form              Tmut           #.........   100%        7    #######
 Statue Form              Tmut/Erth      Unusable     N/A         6    N/A

Dungeon Overview and Level Annotations

Branches:
Dungeon (9/15)             Temple (1/1) D:7
   Lair: D:8-11         Orc: D:9-12

Altars:
Ashenzari
Cheibriados
Dithmenos
Elyvilon
Fedhas
Gozag
Hepliaklqana
Kikubaaqudgha
Makhleb
Nemelex Xobeh
Okawaru
Qazlal
Ru
Sif Muna
Trog
Uskayaw
Vehumet
Wu Jian
Xom
Yredelemnul
Zin
The Shining One

Shops:
D:7 %*

Annotations:
D:7 2 transporters


Innate Abilities, Weirdness & Mutations

You are resistant to torment.
Your stone body is resilient. (AC +8)
You are immune to poison.
You resist negative energy. (rN+)
You are resistant to electric shocks. (rElec)
You can survive without breathing.
You are immune to petrification.
You are immune to rotting.
You can translocate small distances at will.
Your mind is acute. (Int +2)
Armour fits poorly on your strangely shaped body.


Message History

The orc knight hits you from afar with a +1 bardiche of chopping!
The warg bites you.
You hit the warg. Lightning courses through the warg!
You kill the warg!
The orc knight hits you with a +1 bardiche of chopping!
You hit the orc knight.
The orc knight is lightly wounded.
The orc knight hits you from afar with a +1 bardiche of chopping!
The orc knight hits you with a +1 bardiche of chopping!
* * * LOW HITPOINT WARNING * * *
x2
Okay, then.
Okay, then.
You hit the orc knight.
The orc knight is lightly wounded.
You hit the orc knight.
The orc knight is lightly wounded.
You feel yourself speed up.
The orc sorcerer no longer looks unusually strong.
The orc knight hits you with a +1 bardiche of chopping!!
You die...

... #..... ### #.#
#######.
..#####.###.#).##. #
###.#...#..'..#).#..
#[#)#(#.#...'..##.###(.#
#.....#.#...#..'..##..##
#.....hO....#####....##
#.....#o#...#..'..##..##
#(#[#[#@#...'..##.###.(#
# ###.#...#..'..#.)#..
........#####.###.#|.##.
###.##### # #######.
#..... #..... #.###. #
#. #.


You could see an orc knight, a warg and an ogre.

Vanquished Creatures
  Harold (D:8)
  Erica (D:9)
  A centaur warrior (D:9)
  Pikel (D:7)
  2 cyclopes (D:9)
  A meliai (shapeshifter) (D:9)
  2 trolls
  Grinder (D:5)
  3 hippogriffs
  6 yaks
  Grum (D:9)
  A warg (D:9)
  Duvessa (D:4)
  4 slaves (D:7)
  2 orc warriors
  6 ice beasts
  2 sky beasts
  2 black bears
  2 necrophages (D:9)
  A phantom (D:7)
  4 wolves (D:9)
  11 ogres
  A crocodile (D:9)
  3 centaurs
  2 big kobolds (D:5)
  6 bullfrogs
  3 scorpions
  Dowan (D:4)
  4 wights (D:6)
  6 killer bees
  2 howler monkeys (D:5)
  2 crimson imps
  A bullfrog zombie (D:9)
  3 orc priests
  6 hounds
  A jelly (D:8)
  2 bullfrog skeletons
  4 iguanas
  5 worker ants
  4 orc wizards
  Terence (D:2)
  A killer bee zombie (D:8)
  A howler monkey zombie (D:6)
  4 gnolls (D:5)
  13 adders
  2 howler monkey skeletons
  2 oozes (D:2)
  3 adder skeletons
  2 worms (D:2)
  3 dart slugs
  5 leopard geckos
  18 orcs
  7 giant cockroaches
  5 hobgoblins
  12 jackals
  4 quokkas
  5 bats
  7 frilled lizards
  7 goblins
  A jackal zombie (D:6)
  15 kobolds
  A quokka zombie (D:7)
  3 rats (D:1)
234 creatures vanquished.

Notes
Turn   | Place    | Note
-------+----------+-------------------------------------------
     0 | D:1      | Borgoz the Gargoyle Gladiator began the quest for the Orb.
     0 | D:1      | Reached XP level 1. HP: 12/12 MP: 1/1
   215 | D:1      | Reached XP level 2. HP: 14/18 MP: 2/2
   620 | D:2      | Reached skill level 1 in Armour
   620 | D:2      | Reached XP level 3. HP: 22/22 MP: 3/3
   762 | D:2      | Noticed Terence
   778 | D:2      | Gained mutation: Armour fits poorly on your strangely
                  | shaped body. [potion of mutation]
   778 | D:2      | Gained mutation: You can translocate small distances at
                  | will. [potion of mutation]
   778 | D:2      | Gained mutation: Your mind is acute. (Int +2) [potion of
                  | mutation]
   793 | D:2      | Killed Terence
   793 | D:2      | Reached XP level 4. HP: 17/27 MP: 4/4
  1245 | D:2      | Found a shimmering blue altar of Sif Muna.
  1245 | D:2      | Found a hide-covered altar of Uskayaw.
  1548 | D:2      | Reached XP level 5. HP: 32/32 MP: 5/5
  1776 | D:3      | Found a hazy altar of Hepliaklqana.
  1936 | D:3      | Found a glowing silver altar of Zin.
  2092 | D:3      | Noticed an ice beast
  2643 | D:3      | HP: 1/32 [ice beast (7)]
  2648 | D:3      | Killed an ice beast
  2648 | D:3      | Reached XP level 6. HP: 1/38 MP: 6/6
  3033 | D:4      | Reached skill level 5 in Maces & Flails
  3096 | D:4      | Noticed Dowan
  3123 | D:4      | Killed Dowan
  3131 | D:4      | Noticed Duvessa
  3176 | D:4      | Killed Duvessa
  3176 | D:4      | Reached XP level 7. HP: 21/43 MP: 7/7
  3683 | D:4      | Learned a level 1 spell: Confusing Touch
  3687 | D:4      | Learned a level 3 spell: Confuse
  4049 | D:5      | Entered Level 5 of the Dungeon
  4405 | D:5      | Reached XP level 8. HP: 23/48 MP: 7/9
  4595 | D:5      | Reached skill level 1 in Spellcasting
  4595 | D:5      | Reached skill level 1 in Hexes
  4737 | D:5      | Reached skill level 5 in Fighting
  4843 | D:5      | Found a stormy altar of Qazlal.
  5262 | D:5      | Noticed Grinder
  5282 | D:5      | Killed Grinder
  5567 | D:6      | Reached skill level 5 in Armour
  5578 | D:6      | HP: 2/76 [ogre/+0 giant spiked club (7)]
  5926 | D:6      | Reached XP level 9. HP: 34/55 MP: 12/12
  7067 | D:7      | Found a shadowy altar of Dithmenos.
  7067 | D:7      | Found a burning altar of Makhleb.
  7067 | D:7      | Found a snail-covered altar of Cheibriados.
  7067 | D:7      | Found a shattered altar of Ashenzari.
  7183 | D:7      | Noticed Pikel
  7292 | D:7      | Killed Pikel
  7479 | D:7      | Reached XP level 10. HP: 52/63 MP: 14/14
  7488 | D:7      | Found a white marble altar of Elyvilon.
  7488 | D:7      | Found a bloodstained altar of Trog.
  7557 | D:7      | Found a staircase to the Ecumenical Temple.
  7557 | D:7      | Found a transporter.
  7602 | D:7      | Reached skill level 5 in Dodging
  7609 | Temple   | Entered the Ecumenical Temple
  7823 | D:7      | Became a worshipper of Ashenzari the Shackled
  7916 | D:7      | Found a transporter.
  7963 | D:7      | Noticed a kobold demonologist
  7964 | D:7      | Noticed a kobold demonologist
  8023 | D:7      | Found Dqepo's Desiderata Depot.
  8047 | D:7      | Found a radiant altar of Vehumet.
  8127 | D:7      | Found Titeh's Food Shop.
  9184 | D:9      | Noticed Harold
  9223 | D:8      | Killed Harold
  9312 | D:9      | Noticed Grum
  9350 | D:9      | Reached XP level 11. HP: 42/69 MP: 9/17
  9365 | D:9      | Killed Grum
  9509 | D:9      | Noticed Erica
  9552 | D:9      | Killed Erica
  9583 | D:9      | Reached * piety under Ashenzari
  9676 | D:9      | Found an iron altar of Okawaru.
  9864 | D:9      | Noticed a cyclops
  9864 | D:9      | Noticed a cyclops
  9881 | D:9      | Killed a cyclops
  9893 | D:9      | Killed a cyclops
  9895 | D:9      | Identified the Handbook of Transmigration
  9999 | D:9      | Noticed an orb spider
 10000 | D:9      | Noticed a centaur warrior
 10002 | D:9      | an orb spider changed into a yak
 10009 | D:9      | Killed a centaur warrior
 10129 | D:9      | Noticed an orc knight
 10129 | D:9      | Noticed an orc sorcerer
 10130 | D:9      | Identified the cursed +1 ring mail of Ziupasm {rElec MR+
                  | Slay+2 Stlth+}
 10151 | D:9      | Slain by an orc knight

Levels and vault maps discovered:
D:1:      matt_arrival_spirals, layout_rooms
D:2:      layout_loops_cross, gammafunk_temple_overflow_statue, uniq_terence
D:3:      layout_basic, nicolae_overflow_hidden_temple,
          nicolae_overflow_crystal_walls, first_ration
D:4:      layout_cave_pools, uniq_duvessa
D:5:      cheibrodos_thug_alley, layout_basic, grunt_qazlal_clouds, uniq_grinder
D:6:      layout_rooms
D:7:      gammafunk_wand_slinger, layout_basic, vehumet_altar_wand_db,
          minmay_overflow_temple_hex, minmay_temple_entry_overgrown,
          serial_shops, nicolae_shop_behind_doors, grunt_ogre_cave,
          minivault_26, nicolae_alphabet_shops,
          eino_small_chamber_without_monster, fountainhead, uniq_pikel
D:8:      layout_rooms, serial_aquarium, aquarium_bridge_long_separate
          [aquarium_subvault_wall, aquarium_subvault_bridge,
          aquarium_subvault_balcony, aquarium_subvault_balcony,
          aquarium_subvault_window, aquarium_subvault_bridge],
          aquarium_window_3, aquarium_window_fake, aquarium_window_1,
          aquarium_view_4, aquarium_balcony_3a
D:9:      minmay_the_grid_net [minmay_the_grid_holed_spiral,
          minmay_the_grid_all_tris, minmay_the_grid_armoury,
          minmay_the_grid_spin_star, minmay_the_grid_tree,
          minmay_the_grid_prize_four_corners_diamond_a], layout_long_grid,
          lemuel_doored_altar, uniq_harold, uniq_grum, uniq_erica
Temple:   nicolae_temple_figure_zero

Skill      XL: |  1  2  3  4  5  6  7  8  9 10 11 |
---------------+----------------------------------+-----
Armour         | 1 2 3 4 5 6 8 9 |  9.2
Maces & Flails | 4 5 6 8 9 |  9.7
Fighting       | 3 4 5 7 8 9 |  9.6
Dodging        | 3 4 5 6 |  6.0
Spellcasting   | 2 3 4 |  4.9
Hexes          | 2 3 4 |  4.8
Throwing       | |  1.7

Action                   |  1- 3 |  4- 6 |  7- 9 | 10-12 || total
-------------------------+-------+-------+-------+-------++-------
Melee: Flail             |    85 |   181 |   471 |       ||   737
       Whip              |       |       |    13 |   519 ||   532
Throw: Throwing net      |     3 |     2 |       |     1 ||     6
Invok: Curse Item        |       |       |       |     3 ||     3
Evoke: Wand              |       |     5 |     1 |     3 ||     9
  Use: Potion            |     4 |     4 |     5 |     2 ||    15
       Scroll            |       |     6 |     5 |     2 ||    13
 Stab: Held in net/web   |     1 |       |       |       ||     1
       Paralysed         |       |     3 |       |       ||     3
  Eat: Chunk             |       |     7 |    11 |    10 ||    28
       Ration            |       |       |     1 |       ||     1
Armor: Leather armour    |    34 |       |       |       ||    34
       Ring mail         |    30 |    69 |   248 |    60 ||   407
       Skin              |       |       |     3 |       ||     3
       Troll leather arm |       |       |       |   124 ||   124
Dodge: Dodged            |    74 |   115 |   316 |   294 ||   799

Table legend:
 A = Non-vault XP
 B = Vault XP
 C = Vault XP percentage of total XP
 D = Non-vault monster count
 E = Vault monster count
 F = Vault count percentage of total count
                 A         B        C        D         E       F
            +---------+---------+-------+---------+---------+-------
      Total |    8483 |    7271 |  46.2 |     195 |      35 |  15.2
            +---------+---------+-------+---------+---------+-------
        D:1 |      23 |       0 |   0.0 |      16 |       0 |   0.0
        D:2 |     109 |      32 |  22.7 |      23 |       1 |   4.2
        D:3 |     238 |       0 |   0.0 |      18 |       0 |   0.0
        D:4 |     344 |     218 |  38.8 |      16 |       2 |  11.1
        D:5 |     543 |     498 |  47.8 |      22 |      11 |  33.3
        D:6 |    1417 |       0 |   0.0 |      28 |       0 |   0.0
        D:7 |    1292 |     777 |  37.6 |      31 |       3 |   8.8
        D:8 |    2337 |     987 |  29.7 |      22 |       1 |   4.3
        D:9 |    2180 |    4759 |  68.6 |      19 |      17 |  47.2
            +---------+---------+-------+---------+---------+-------
